 Dungeon Crawl Stone Soup version 0.23-a0-375-g66a18ee (webtiles) character file.

4174 galech the Cleaver (level 10, -1/76 HPs)
             Began as a Demonspawn Fighter on Oct 26, 2018.
             Was a High Priest of Okawaru.
             Slain by Gastronok (33 damage)
             ... on level 9 of the Dungeon.
             The game lasted 00:09:11 (7478 turns).

galech the Cleaver (Demonspawn Fighter)             Turns: 7478, Time: 00:09:12

Health: -1/76      AC: 15    Str: 23    XL:     10   Next: 8%
Magic:  10/11      EV: 11    Int: 10    God:    Okawaru [*****.]
Gold:   400        SH: 11    Dex: 16    Spells: 9/9 levels left

rFire    . . .     SeeInvis .   I - +2 war axe
rCold    . . .     Gourm    .   c - +0 shield
rNeg     + . .     Faith    +   i - +3 ring mail
rPois    .         Spirit   .   h - +2 helmet
rElec    .         Reflect  .   (no cloak)
rCorr    .         Harm     .   m - +0 pair of gloves
MR       .....                  (boots unavailable)
Stlth    +++.......             t - amulet of faith
HPRegen  0.22/turn              A - ring of positive energy
MPRegen  0.12/turn              D - +2 ring of strength

@: mighty
A: hooves 3, thin metallic scales 1, nightstalker 1, powered by pain 1
a: Heroism, Finesse, Renounce Religion


You were on level 9 of the Dungeon.
You worshipped Okawaru.
Okawaru was extremely pleased with you.
You were not hungry.

You visited 1 branch of the dungeon, and saw 9 of its levels.

You collected 400 gold pieces.

Inventory:

Hand Weapons
 y - a +0 vampiric war axe
 I - a +2 war axe (weapon)
Armour
 c - a +0 shield (worn)
 h - a +2 helmet (worn)
 i - a +3 ring mail (worn)
 m - a +0 pair of gloves (worn)
Jewellery
 g - an uncursed ring of magical power
 t - an amulet of faith (around neck)
 x - an uncursed ring of see invisible
 A - a ring of positive energy (left hand)
 D - a +2 ring of strength (right hand)
 F - an uncursed amulet of magic regeneration {unknown}
Wands
 a - a wand of flame (9)
 G - a wand of iceblast (8)
Scrolls
 e - 3 scrolls of remove curse
 j - 2 scrolls of noise
 k - 4 scrolls of identify
 p - 4 scrolls of immolation
 q - 2 scrolls of random uselessness
 s - 2 scrolls of enchant weapon
 u - 2 scrolls of magic mapping
 w - 2 scrolls of fog {unknown}
 C - 3 scrolls of enchant armour {unknown}
 E - 2 scrolls of teleportation {unknown}
Potions
 b - 3 potions of lignification {unknown}
 d - a potion of might
 l - 4 potions of curing {unknown}
 n - a potion of invisibility {unknown}
 o - 3 potions of haste {unknown}
 r - 2 potions of agility {unknown}
 v - 2 potions of resistance {unknown}
 z - 2 potions of ambrosia {unknown}
 B - a potion of heal wounds {unknown}
Comestibles
 f - 15 rations


   Skills:
 + Level 6.1 Fighting
 + Level 9.3 Axes
 + Level 5.1 Armour
 + Level 3.2 Dodging
 + Level 3.6 Stealth
 + Level 5.9 Shields
 + Level 1.4 Invocations


You had 9 spell levels left.
You didn't know any spells.
Your spell library contained the following spells:

 Spells                   Type           Power        Failure   Level  Hunger
 Animate Skeleton         Necr           N/A          88%         1    ##.....
 Apportation              Tloc           #.....       88%         1    ##.....
 Confusing Touch          Hex            #.....       88%         1    ##.....
 Summon Small Mammal      Summ           #...         88%         1    ##.....


Dungeon Overview and Level Annotations

Branches:
Dungeon (9/15)             Temple (0/1) D:6
   Lair: D:8-11         Orc: D:9-12

Altars:
Dithmenos
Nemelex Xobeh
Okawaru
Vehumet
Wu Jian
Yredelemnul

Shops:
D:6 [

Annotations:
D:9 Gastronok


Innate Abilities, Weirdness & Mutations

You have hooves in place of feet.
You are partially covered in thin metallic scales. (AC +2)
You are slightly more attuned to the shadows.
You sometimes gain a little power by taking damage.


Message History

Gastronok is heavily wounded.
You slash the wolf!
You kill the wolf!
Okawaru accepts your kill.
You hit Gastronok. You kick Gastronok!
Gastronok is heavily wounded.
You feel like a meek peon again. You block Gastronok's attack.
Unknown command.
You completely miss Gastronok. You kick Gastronok.
Gastronok is severely wounded.
You slash Gastronok!
Gastronok is severely wounded.
Gastronok waves his eye-stalks in wide circles.
The air twists around and strikes you!
You focus on the pain.
You feel very mighty all of a sudden.
You slash Gastronok! You kick Gastronok!!
Gastronok is almost dead.
Gastronok bites you!!
You die...

##### #...#
#<#.#
#####+###.#.#
......)†....#
.....w@.#.###
.....^.[#...
........###.#
......... .#
.......### #
.......#
########


You could see Gastronok.

Vanquished Creatures
  A two-headed ogre (D:8)
  2 hornets (D:8)
  Grum (D:9)
  A black bear (D:7)
  A phantom (D:7)
  2 ice beasts
  An orc warrior (D:4)
  2 ogres
  3 wolves (D:9)
  2 centaurs
  A big kobold (D:7)
  5 bullfrogs
  A water moccasin skeleton (D:8)
  A scorpion (D:4)
  8 wights
  A crimson imp (D:5)
  9 hounds
  2 jellies
  2 orc priests
  An iguana (D:6)
  7 worker ants
  9 orc wizards
  A worker ant zombie (D:6)
  16 adders
  3 oozes
  2 adder skeletons
  3 adder zombies
  6 worms
  3 dart slugs
  9 leopard geckos
  25 orcs
  5 giant cockroaches
  8 hobgoblins
  8 jackals
  A quokka (D:3)
  A ball python (D:1)
  7 bats
  7 frilled lizards
  6 goblins
  A jackal skeleton (D:5)
  11 kobolds
  A leopard gecko skeleton (D:4)
  A quokka skeleton (D:8)
  A quokka zombie (D:6)
  3 rats
192 creatures vanquished.

Vanquished Creatures (others)
  An orc wizard (D:4)
1 creature vanquished.

Grand Total: 193 creatures vanquished

Notes
Turn   | Place    | Note
-------+----------+-------------------------------------------
     0 | D:1      | galech the Demonspawn Fighter began the quest for the Orb.
     0 | D:1      | Reached XP level 1. HP: 18/18 MP: 1/1
   238 | D:1      | Gained mutation: You sometimes gain a little power by
                  | taking damage. [demonic ancestry]
   238 | D:1      | Reached XP level 2. HP: 24/24 MP: 2/2
   462 | D:1      | Reached skill level 2 in Axes
   553 | D:2      | Reached XP level 3. HP: 29/29 MP: 3/3
   991 | D:2      | Found an iron altar of Okawaru.
   991 | D:2      | Found a basalt altar of Yredelemnul.
  1001 | D:2      | Became a worshipper of Warmaster Okawaru
  1045 | D:2      | Gained mutation: You have large cloven feet. [demonic
                  | ancestry]
  1045 | D:2      | Reached XP level 4. HP: 35/35 MP: 4/4
  1419 | D:2      | Found an ornate altar of the Wu Jian Council.
  2595 | D:4      | Reached skill level 3 in Axes
  2595 | D:4      | Gained mutation: You are partially covered in thin metallic
                  | scales. (AC +2) [demonic ancestry]
  2595 | D:4      | Reached XP level 5. HP: 32/41 MP: 5/5
  2726 | D:4      | Noticed an orc warrior
  3329 | D:4      | Reached skill level 1 in Dodging
  3329 | D:4      | Gained mutation: You are slightly more attuned to the
                  | shadows. [demonic ancestry]
  3329 | D:4      | Reached XP level 6. HP: 35/47 MP: 6/6
  3419 | D:4      | Reached skill level 4 in Axes
  3432 | D:4      | Killed an orc warrior
  3432 | D:4      | Reached * piety under Okawaru
  4037 | D:5      | Entered Level 5 of the Dungeon
  4070 | D:5      | Reached skill level 1 in Stealth
  4143 | D:5      | Gained mutation: You have hoof-like feet. [demonic
                  | ancestry]
  4143 | D:5      | Reached XP level 7. HP: 51/53 MP: 7/7
  4146 | D:5      | Found a shadowy altar of Dithmenos.
  4498 | D:5      | Reached skill level 5 in Axes
  4930 | D:6      | Found a sparkling altar of Nemelex Xobeh.
  4932 | D:6      | Reached ** piety under Okawaru
  4942 | D:6      | Found Boarefat's Antique Armour Boutique.
  4986 | D:6      | Reached XP level 8. HP: 59/60 MP: 8/8
  4996 | D:6      | Found a staircase to the Ecumenical Temple.
  5214 | D:6      | Reached skill level 6 in Axes
  5982 | D:7      | Reached *** piety under Okawaru
  6044 | D:7      | Reached skill level 5 in Fighting
  6045 | D:7      | Reached skill level 5 in Shields
  6056 | D:7      | Reached skill level 7 in Axes
  6221 | D:7      | Reached skill level 1 in Invocations
  6551 | D:7      | Reached XP level 9. HP: 68/68 MP: 9/9
  6825 | D:8      | Reached **** piety under Okawaru
  6835 | D:8      | Found a radiant altar of Vehumet.
  6851 | D:8      | Noticed a two-headed ogre
  6862 | D:8      | Killed a two-headed ogre
  6862 | D:8      | Reached skill level 8 in Axes
  7064 | D:8      | Reached ***** piety under Okawaru
  7115 | D:8      | Paralysed by a hornet for 1 turns
  7116 | D:8      | Reached skill level 9 in Axes
  7119 | D:8      | Reached skill level 5 in Armour
  7457 | D:9      | Noticed Grum
  7458 | D:9      | Noticed Gastronok
  7464 | D:9      | Killed Grum
  7464 | D:9      | Gained mutation: You have hooves in place of feet. [demonic
                  | ancestry]
  7464 | D:9      | Reached XP level 10. HP: 57/76 MP: 8/11
  7471 | D:9      | Received a gift from Okawaru
  7478 | D:9      | Slain by Gastronok

Vault maps used:
D:1:      dpeg_arrival_arbitrary_b
D:2:      lemuel_crystal_altar, gammafunk_temple_overflow_elements, tgw_xom
D:3:      serial_glass, glass_columns_b, glass_columns_b, glass_columns_b,
          glass_columns_a, glass_columns_a, glass_columns_c, glass_columns_a,
          glass_columns_a, skrybe_limestone_x
D:4:      cheibrodos_old_hovel
D:5:      grunt_dithmenos_smoke_and_mirrors, first_ration
D:6:      nicolae_overflow_crystal_walls, minmay_temple_entry_steel_oval,
          serial_shops, shop, corner_web_ring
D:8:      vehumet_altar_wand_db, hangedman_pestilent_swarm, hex_intersection
D:9:      chequers_temple_overflow_minitemple, nooodl_food_tri, uniq_gastronok,
          uniq_grum

Skill      XL: |  1  2  3  4  5  6  7  8  9 |
---------------+----------------------------+-----
Shields        | 3 4 5 |  5.9
Axes           | 2 3 4 5 7 9 |  9.3
Armour         | 3 4 5 |  5.1
Dodging        | 1 2 3 |  3.2
Stealth        | 1 2 3 |  3.6
Fighting       | 4 5 6 |  6.1
Invocations    | 1 |  1.4

Action                   |  1- 3 |  4- 6 |  7- 9 | 10-12 || total
-------------------------+-------+-------+-------+-------++-------
Melee: War axe           |   133 |   200 |   332 |    13 ||   678
       Kick              |       |    53 |    87 |     7 ||   147
Invok: Heroism           |       |       |     4 |       ||     4
  Use: Scroll            |       |       |     7 |       ||     7
 Stab: Distracted        |       |     1 |     1 |       ||     2
       Sleeping          |       |     3 |    13 |       ||    16
  Eat: Chunk             |     1 |    10 |    11 |       ||    22
Armor: Scale mail        |    10 |       |       |       ||    10
       Ring mail         |    62 |   116 |   134 |     7 ||   319
Dodge: Dodged            |    57 |    75 |   138 |    11 ||   281
Block: Shield            |    89 |   104 |   176 |    12 ||   381

Table legend:
 A = Non-vault XP
 B = Vault XP
 C = Vault XP percentage of total XP
 D = Non-vault monster count
 E = Vault monster count
 F = Vault count percentage of total count
                 A         B        C        D         E       F
            +---------+---------+-------+---------+---------+-------
      Total |    4788 |    1176 |  19.7 |     176 |      16 |   8.3
            +---------+---------+-------+---------+---------+-------
        D:1 |      29 |       2 |   6.5 |      16 |       1 |   5.9
        D:2 |      85 |      24 |  22.0 |      21 |       5 |  19.2
        D:3 |      56 |       2 |   3.4 |      25 |       1 |   3.8
        D:4 |     470 |       0 |   0.0 |      17 |       0 |   0.0
        D:5 |     425 |       0 |   0.0 |      20 |       0 |   0.0
        D:6 |     809 |       0 |   0.0 |      22 |       0 |   0.0
        D:7 |    1183 |       0 |   0.0 |      35 |       0 |   0.0
        D:8 |    1686 |     600 |  26.2 |      19 |       5 |  20.8
        D:9 |      45 |     548 |  92.4 |       1 |       4 |  80.0
            +---------+---------+-------+---------+---------+-------
